 Dungeon Crawl Stone Soup version 0.19.0-2-gae57169 (webtiles) character file.

1707 RobertPalmer the Basher (level 9, -1/55 HPs)
             Began as a Halfling Abyssal Knight on Nov 6, 2016.
             Was an Elder of Lugonu.
             Slain by an orc warrior
             ... wielding a +0 dire flail
              (3 damage)
             ... on level 8 of the Dungeon.
             The game lasted 00:18:02 (9644 turns).

RobertPalmer the Basher (Halfling Abyssal Knight)   Turns: 9644, Time: 00:18:02

Health: -1/55      AC: 10    Str: 13    XL:     9   Next: 23%
Magic:  10/10      EV: 18    Int: 13    God:    Lugonu [****..]
Gold:   384        SH:  0    Dex: 19    Spells: 0 memorised, 8 levels left

rFire  . . .     SeeInvis .     a - +0 morningstar
rCold  . . .     Gourm    .     k - +0 ring mail
rNeg   . . .     Faith    .     (shield restricted)
rPois  .         Spirit   .     v - +0 helmet
rElec  .         Reflect  .     g - +1 cloak
rCorr  .         Harm     .     (no gloves)
MR     .....                    l - +0 pair of boots
Stlth  ++........               (no amulet)
                                (no ring)
                                (no ring)

@: agile
A: mutation resistance 1
a: Depart the Abyss, Bend Space, Banish, Corrupt, Renounce Religion


You were on level 8 of the Dungeon.
You worshipped Lugonu.
Lugonu was greatly pleased with you.
You were not hungry.

You visited 1 branch of the dungeon, and saw 8 of its levels.
You visited the Abyss 1 time.

You collected 384 gold pieces.

Inventory:

Hand Weapons
 a - a +0 morningstar (weapon)
   (You found it on level 5 of the Dungeon)
Missiles
 q - 7 curare-tipped needles
 w - 16 poisoned needles
Armour
 g - a +1 cloak (worn)
   (You found it on level 5 of the Dungeon)
 k - a +0 ring mail (worn)
   (You found it on level 5 of the Dungeon)
 l - a +0 pair of boots (worn)
   (You found it on level 1 of the Dungeon)
 v - a +0 helmet (worn)
   (You took it off Robin on level 2 of the Dungeon)
Wands
 z - a wand of acid (6/15)
   (You found it on level 7 of the Dungeon)
 C - a wand of hasting (3/9)
   (You found it on level 7 of the Dungeon)
Scrolls
 d - 2 scrolls of remove curse
 f - 2 scrolls of immolation {unknown}
 h - a scroll of identify
 i - 2 scrolls of recharging
 r - a scroll of enchant weapon {unknown}
 t - a scroll of magic mapping {!r}
 x - a scroll of teleportation {unknown}
 A - a scroll of enchant armour {unknown}
Potions
 b - a potion of flight
 e - a potion of curing
 j - a potion of agility
 n - a potion of brilliance
 p - a potion of resistance
 B - a potion of ambrosia {unknown}
Books
 u - a book of Minor Magic
   (You found it on level 5 of the Dungeon)
Comestibles
 c - 5 bread rations {@e1}
 m - 5 meat rations {@e2}
 o - 2 slices of pizza


   Skills:
 - Level 2.6 Fighting
 - Level 9.8 Maces & Flails
 + Level 4.8 Armour
 - Level 1.1 Dodging
 - Level 2.0 Invocations


You had 8 spell levels left.
You didn't know any spells.

Dungeon Overview and Level Annotations

Branches:
Dungeon (8/15)
 Temple: D:4-7         Lair: D:8-11

Altars:
Gozag
Ru
Sif Muna


Innate Abilities, Weirdness & Mutations

You are small and have problems with some larger weapons.
You are somewhat resistant to further mutation.


Message History

The adder closely misses you.
A crimson imp comes into view.
You barely miss the adder.
You feel sick.
You are no longer poisoned.
The crimson imp shouts!
The howler monkey hoots and howls with incredible vigour!
The adder barely misses you.
The crimson imp moves out of view.
You hear a shout! x3; You hear a howl!
You take 1 damage, and have 49/55 hp.
You miss the adder. The adder barely misses you. The howler monkey misses you.
You sock the adder!
You kill the adder!
Lugonu accepts your kill. The howler monkey hits you.
You take 5 damage, and have 44/55 hp.
You hit the howler monkey. The howler monkey barely misses you.
You sock the howler monkey! The howler monkey barely misses you.
You barely miss the howler monkey.
The howler monkey hoots and howls with incredible vigour!
You hear a shout! x2
A scorpion comes into view.
You puncture the howler monkey!
You kill the howler monkey!
Lugonu accepts your kill.
You closely miss the crimson imp. The crimson imp completely misses you.
The scorpion barely misses you.
You closely miss the scorpion. The crimson imp hits you.
The scorpion barely misses you.
You take 1 damage, and have 44/55 hp.
You hit the scorpion.
The crimson imp hits you but does no damage.
The scorpion stings you but does no damage.
An orc warrior comes into view. It is wielding a dire flail.
You hit the scorpion but do no damage. The crimson imp hits you.
The scorpion barely misses you.
You take 2 damage, and have 43/55 hp.
You sock the scorpion!
The crimson imp shouts, "Leave, thou bawdy clay-brained dingleberry!"
The crimson imp misses you. The scorpion barely misses you.
You hit the scorpion.
The crimson imp blinks!
The scorpion stings you.
You take 1 damage, and have 42/55 hp.
You barely miss the scorpion.
The orc warrior throws a tomahawk.
The tomahawk barely misses you.
The tomahawk hits the scorpion!
The scorpion dies!
The orc warrior throws a tomahawk.
The tomahawk closely misses you.
Things that are here:
2 tomahawks; an adder corpse Unknown command.
The crimson imp blinks!
You barely miss the crimson imp.
The orc warrior throws a tomahawk.
The tomahawk misses you. The crimson imp closely misses you.
You closely miss the crimson imp.
The crimson imp blinks!
The orc warrior throws a tomahawk.
The tomahawk closely misses you.
You see here a tomahawk.
The crimson imp misses you.
Your ring mail prevents you from hitting the crimson imp.
The crimson imp misses you.
You barely miss the crimson imp. The crimson imp hits you.
You take 2 damage, and have 42/55 hp.
You barely miss the crimson imp.
The orc warrior throws a tomahawk.
The tomahawk hits you!
The crimson imp blinks!
You take 14 damage, and have 28/55 hp.
MASSIVE DAMAGE!!
Okay, then.
As you read the scroll of identify, it crumbles to dust.
j - 2 potions of agility The crimson imp completely misses you.
You feel agile all of a sudden.
The orc warrior throws a tomahawk.
The tomahawk hits you!
* * * LOW HITPOINT WARNING * * *
The crimson imp blinks!
You take 12 damage, and have 16/55 hp.
MASSIVE DAMAGE!!
As you read the scroll of identify, it crumbles to dust.
e - 2 potions of curing The orc warrior throws a tomahawk.
The tomahawk completely misses you.
You feel better.
You regained 10 hp, and now have 26/55 hp.
As you read the scroll of identify, it crumbles to dust.
b - a potion of flight The orc warrior hits you with a dire flail!
The crimson imp summons a swarm of flies.
You take 8 damage, and have 18/55 hp.
As you read the scroll of identify, it crumbles to dust.
n - a potion of brilliance The orc warrior hits you with a dire flail!
* * * LOW HITPOINT WARNING * * *
You take 17 damage, and have 1/55 hp.
MASSIVE DAMAGE!!
Okay, then.
The crimson imp shouts, "Go and return not, thou yeasty toad-spotted bum-bailey!"
The crimson imp hits you but does no damage.
Unknown command.
You closely miss the orc warrior. The orc warrior barely misses you.
The crimson imp closely misses you.
You sock the orc warrior! The orc warrior barely misses you.
The crimson imp hits you but does no damage.
You hit the orc warrior.
The orc warrior hits you with a dire flail.
You die...

....# ...#
o.# #†##
#<.# ##o#
#(#
..########(#
......5@o(.#
.###########


You could see an orc warrior and a crimson imp.

Vanquished Creatures
  2 ogres
  An ice beast (D:6)
  A phantom (D:6)
  A centaur (D:4)
  A bullfrog (D:6)
  A howler monkey (D:8)
  3 crimson imps
  A centaur zombie (D:7)
  4 hounds
  2 jellies
  4 orc priests
  3 orc wizards
  An iguana (D:7)
  Natasha (thrice) (D:2)
  5 worker ants
  A hound zombie (D:4)
  2 hound skeletons (D:4)
  Robin (D:2)
  11 gnolls
  10 adders
  2 shadow imps (D:6)
  2 oozes (D:1)
  2 adder skeletons
  2 worms (D:2)
  2 dart slugs
  4 leopard geckos
  11 orcs
  9 bats
  5 giant cockroaches
  15 goblins
  10 hobgoblins
  9 jackals
  13 kobolds
  5 quokkas
  A ball python (D:1)
  9 frilled lizards
  A giant cockroach zombie (D:6)
  A quokka skeleton (D:5)
  6 rats
167 creatures vanquished.

Vanquished Creatures (others)
  A scorpion (D:8)
1 creature vanquished.

Grand Total: 168 creatures vanquished

Notes
Turn   | Place    | Note
-------+----------+-------------------------------------------
     0 | Abyss:1  | RobertPalmer the Halfling Abyssal Knight began the quest for the Orb.
     0 | Abyss:1  | Reached XP level 1. HP: 15/15 MP: 2/2
     6 | Abyss:1  | Found a corrupted altar of Lugonu.
    24 | Abyss:1  | Found a corrupted altar of Lugonu.
    24 | Abyss:1  | Found a corrupted altar of Lugonu.
    69 | Abyss:1  | Noticed a large abomination
    77 | Abyss:1  | Noticed a small abomination
    87 | D:1      | Escaped the Abyss
    90 | D:1      | Reached skill level 2 in Maces & Flails
   105 | D:1      | HP: 3/15 [ball python (1)]
   109 | D:1      | Reached XP level 2. HP: 3/20 MP: 3/3
   739 | D:1      | Reached XP level 3. HP: 24/25 MP: 4/4
   775 | D:1      | Reached skill level 3 in Maces & Flails
   855 | D:1      | Reached ** piety under Lugonu
  1501 | D:2      | Noticed Robin
  1535 | D:2      | Reached XP level 4. HP: 19/30 MP: 5/5
  1878 | D:2      | Noticed Natasha
  1894 | D:2      | Killed Natasha
  1894 | D:2      | Reached skill level 4 in Maces & Flails
  1983 | D:2      | Reached XP level 5. HP: 32/35 MP: 6/6
  2214 | D:2      | Reached *** piety under Lugonu
  2338 | D:2      | Killed Robin
  2526 | D:2      | Found an opulent altar of Gozag.
  2632 | D:2      | Noticed Natasha
  2638 | D:2      | HP: 6/35 [Natasha (4)]
  2639 | D:2      | Killed Natasha
  2639 | D:2      | Reached skill level 5 in Maces & Flails
  3101 | D:2      | Noticed Natasha
  3116 | D:2      | Killed Natasha
  3116 | D:2      | Reached XP level 6. HP: 17/41 MP: 7/7
  3538 | D:3      | Found a sacrificial altar of Ru.
  3594 | D:3      | Reached skill level 6 in Maces & Flails
  3736 | D:3      | Reached **** piety under Lugonu
  4350 | D:4      | Reached XP level 7. HP: 22/45 MP: 8/8
  4595 | D:4      | Found a deep blue altar of Sif Muna.
  5018 | D:3      | HP: 13/67 [gnoll/flail (6)]
  5288 | D:3      | Reached skill level 7 in Maces & Flails
  5662 | D:4      | HP: 9/45 [gnoll/enchanted halberd (4)]
  5663 | D:5      | Entered Level 5 of the Dungeon
  5669 | D:5      | HP: 9/45 [leopard gecko (1)]
  5931 | D:5      | Reached XP level 8. HP: 47/51 MP: 9/9
  6057 | D:5      | Reached skill level 8 in Maces & Flails
  7443 | D:6      | Got a pitted leather armour
  7790 | D:5      | Identified the cursed +0 leather armour of Precision Catastrophes {-Cast *Drain rPois Dex+8} (You found it on level 6 of the Dungeon)
  7895 | D:6      | Reached skill level 9 in Maces & Flails
  8688 | D:7      | Reached XP level 9. HP: 37/55 MP: 10/10
  9178 | D:6      | HP: 11/55 [bullfrog (7)]
  9179 | D:6      | HP: 4/55 [bullfrog (4)]
  9182 | D:6      | Reached skill level 3 in Armour
  9378 | D:6      | Reached skill level 4 in Armour
  9640 | D:8      | HP: 1/55 [orc warrior/dire flail (17)]
  9644 | D:8      | Slain by an orc warrior

Skill      XL: |  1  2  3  4  5  6  7  8  9 |
---------------+----------------------------+-----
Maces & Flails | 2 3 4 5 6 7 9 |  9.8
Armour         | 4 |  4.8
Fighting       | |  2.6
Dodging        | |  1.1
Invocations    | |  2.0

Action                   |  1- 3 |  4- 6 |  7- 9 || total
-------------------------+-------+-------+-------++-------
Melee: Mace              |    93 |   249 |       ||   342
       Flail             |       |    64 |   105 ||   169
       Morningstar       |       |       |   287 ||   287
Throw: Throwing net      |       |       |     2 ||     2
  Use: Scroll            |       |     1 |    14 ||    15
       Potion            |       |     1 |     5 ||     6
 Stab: Sleeping          |     1 |       |       ||     1
       Held in net/web   |       |       |     2 ||     2
  Eat: Chunk             |     2 |     9 |    11 ||    22
       Beef jerky        |       |       |     2 ||     2
       Royal jelly       |       |       |     1 ||     1
       Pizza             |       |       |     1 ||     1
Armor: Leather armour    |    23 |    87 |    17 ||   127
       Skin              |       |       |     1 ||     1
       Ring mail         |       |       |   100 ||   100
Dodge: Dodged            |    84 |   224 |   259 ||   567

Vault maps used:
D:1:      dpeg_arrival_boxes_within_box
D:2:      serial_corexii_hall, corexii_hall_statues_i, corexii_hall_statues_l,
          corexii_hall_statues_deadend, corexii_hall_statues_x,
          corexii_hall_statues_s, corexii_hall_statues_l,
          nicolae_gozag_cash_rules_everything_around_me, uniq_robin,
          uniq_natasha
D:3:      hangedman_ru_absence
D:4:      kennysheep_mini, first_bread
D:6:      serial_park_tiny_pond
D:8:      kennysheep_blocky_room, kennysheep_vampire_church, serial_shops,
          kennysheep_mini_moat, enter_bailey_7, grunt_pizzeria

Table legend:
 A = Turns spent in this place as a percentage of turns spent in the entire game.
 B = Non-inter-level travel turns spent in this place as a percentage of non-inter-level travel turns spent in the entire game.
 C = Inter-level travel turns spent in this place as a percentage of turns spent in this place.
 D = Turns resting spent in this place as a percentage of non-inter-level travel turns spent in this place.
 E = Turns spent auto-exploring this place as a percentage of non-inter-level travel turns spent in this place.
 F = Non-inter-level travel turns spent in this place divided by the number of levels of this place that you've seen.
                   A       B       C       D       E      F
               +-------+-------+-------+-------+-------+----------------------
         Total | 100.0 | 100.0 |   0.6 |   3.0 |   6.0 | 347.3
       Dungeon |  97.2 |  97.2 |   0.7 |   3.1 |   6.2 | 379.6
         Abyss |   2.8 |   2.8 |   0.0 |   0.0 |   0.0 |  89.0
               +-------+-------+-------+-------+-------+----------------------

Table legend:
 A = Kills in this place as a percentage of kills in entire the game.
 B = Kills by you in this place as a percentage of kills by you in the entire game.
 C = Kills by friends in this place as a percentage of kills by friends in the entire game.
 D = Other kills in this place as a percentage of other kills in the entire game.
 E = Experience gained in this place as a percentage of experience gained in the entire game.
 F = Experience gained in this place divided by the number of levels of this place that you have seen.
                   A       B       C       D       E      F
               +-------+-------+-------+-------+-------+----------------------
         Total | 100.0 | 100.0 |  -nan | 100.0 | 100.0 | 271.0
       Dungeon | 100.0 | 100.0 |  -nan | 100.0 | 100.0 | 304.9
               +-------+-------+-------+-------+-------+----------------------
